 Dungeon Crawl Stone Soup version 0.29.0-7-g18a832c13a (webtiles) character file.

Game seed: 14204680069051172549

76 enile the Firebug (level 4, -1/25 (30) HPs)
             Began as an Octopode Fire Elementalist on Aug 31, 2022.
             Was a Follower of Kikubaaqudgha.
             Slain by a ball python (3 damage)
             ... on level 2 of the Dungeon.
             The game lasted 00:02:56 (2240 turns).

enile the Firebug (Octopode Fire Elementalist)      Turns: 2240, Time: 00:02:56

HP:   -1/25 (30)    AC:  1    Str:  7    XL:     4   Next: 32%
MP:   2/8           EV: 13    Int: 19    God:    Kikubaaqudgha [*.....]
Gold: 73            SH:  0    Dex: 12    Spells: 6/9 levels left

rFire   . . .      SeeInvis .   f - +0 dagger
rCold   . . .      Faith    .   (no shield)
rNeg    . . .      Spirit   .   (helmet restricted)
rPois   .          Reflect  .   (no amulet)
rElec   .          Harm     .   (no ring)
rCorr   .          Rampage  .   (no ring)
Will    .....                   (no ring)
Stlth   +++.......              (no ring)
HPRegen 0.08/turn               (no ring)
MPRegen 0.11/turn               (no ring)
                                (no ring)
                                (no ring)

@: mighty, heavily drained
A: almost no armour, amphibious, 8 rings, camouflage 1, gelatinous body 1,
(nimble swimmer 1), tentacles
a: Renounce Religion, Unearth Wretches


You were on level 2 of the Dungeon.
You worshipped Kikubaaqudgha.
Kikubaaqudgha was aware of your devotion.
You visited 1 branch of the dungeon, and saw 3 of its levels.

You collected 73 gold pieces.

Inventory:

Hand Weapons
 f - a +0 dagger (weapon)
Magical Staves
 j - a staff of poison
Scrolls
 b - a scroll of amnesia
 h - a scroll of brand weapon {unknown}
 i - a scroll of immolation {unknown}
 k - a scroll of fog {unknown}
Potions
 a - a potion of magic
 c - a potion of might
 d - 2 potions of flight


   Skills:
 + Level 2.9 Fighting
 - Level 2.0 Dodging
 - Level 2.6 Stealth
 - Level 3.0 Spellcasting
 - Level 1.0 Conjurations
 - Level 3.0 Fire Magic


You had 6 spell levels left.
You knew the following spells:

 Your Spells              Type           Power      Damage    Failure   Level
a - Foxfire               Conj/Fire      40%        2x1d6     7%          1
b - Scorch                Fire           28%        2d6       7%          2

Your spell library contained the following spells:

 Spells                   Type           Power      Damage    Failure   Level
 Necrotise                Necr           8%         1d4       16%         1
 Conjure Flame            Conj/Fire      10%        6-21      21%         3
 Sublimation of Blood     Necr           2%         N/A       22%         2
 Inner Flame              Hex/Fire       8%         N/A       24%         3
 Flame Wave               Conj/Fire      10%        2d6       54%         4
 Anguish                  Hex/Necr       1%         N/A       83%         4
 Animate Dead             Necr           2%         N/A       83%         4


Dungeon Overview and Level Annotations

Branches:
Dungeon (3/15)

Altars:
Kikubaaqudgha
Qazlal

Annotations:
D:3 Sigmund


Innate Abilities, Weirdness & Mutations

You cannot wear most types of armour.
You are amphibious.
You can wear up to eight rings at the same time.
Your skin changes colour to match your surroundings (Stealth+).
Your rubbery body absorbs attacks. (AC +1, EV +1)
((You are camouflaged when in or above water. (Stealth+)))
You have tentacles for arms and can constrict up to eight enemies at once.


Message History

Flames lash the orc.
You kill the orc!
Kikubaaqudgha accepts your kill. Something hits you.
You feel drained. Something hits you.
* * * LOW HITPOINT WARNING * * *
You feel drained.
Casting: Scorch (safe; 7% risk of failure)
Confirm with . or Enter, or press ? or * to list all spells.
You don't have enough magic to cast this spell.
Unknown command.
Okay, then.
Blink to where?
Press: ? - help, Dir - move target
Found a stone staircase leading up.
As you read the scroll labelled KOESOAF GAWK, it crumbles to dust.
It was a scroll of blinking.
There is a stone staircase leading up here.
You climb upwards.
Reactivating autopickup.
The adder hisses angrily.
The ball python hisses angrily.
Found 7 stones.
There is a stone staircase leading down here.
There are monsters nearby!
Okay, then.
Okay, then.
It was a potion of might.
You feel very mighty all of a sudden. The adder closely misses you.
You barely miss the adder. You grab the adder. You constrict the adder.
The adder closely misses you. The ball python bites you.
* * * LOW HITPOINT WARNING * * *
The ball python closely misses you. The adder bites you.
* * * LOW HITPOINT WARNING * * *
You puncture the adder!
You kill the adder!
Kikubaaqudgha accepts your kill.
The ball python barely misses you. x2; The ball python bites you.
You die...
Kikubaaqudgha rasps: "You have failed me!
Welcome... death!"

....###
.......##
........##
...r.....#
.........#
.........#
..(....†.#
......S@.#
.........#
.
........##
..
.......##
.. ##..###
.> #.. ..
## .. ..


You could see a ball python and a rat.

Vanquished Creatures
  A gnoll (D:1)
  2 adders
  4 dart slugs
  2 orcs (D:3)
  A ball python (D:1)
  4 endoplasms
  3 giant cockroaches
  7 goblins
  3 hobgoblins
  4 kobolds
  2 quokkas (D:1)
  3 frilled lizards
  9 rats
45 creatures vanquished.

Vanquished Creatures (others)
  117 foxfires
117 creatures vanquished.

Grand Total: 162 creatures vanquished

Notes
Turn   | Place    | Note
-------+----------+-------------------------------------------
     0 | D:1      | enile the Octopode Fire Elementalist began the quest for
                  | the Orb.
     0 | D:1      | Reached XP level 1. HP: 11/11 MP: 3/3
    81 | D:1      | Reached skill level 1 in Fighting
    92 | D:1      | Reached XP level 2. HP: 19/19 MP: 1/5
   200 | D:1      | Learned a level 2 spell: Scorch
   505 | D:1      | Reached XP level 3. HP: 24/24 MP: 0/6
  1611 | D:2      | You fall into a shaft and drop 1 floor!
  1693 | D:3      | Found a faded altar of an unknown god.
  1712 | D:3      | Found a stormy altar of Qazlal.
  1713 | D:3      | Noticed an air elemental
  1716 | D:3      | Noticed an earth elemental
  1770 | D:3      | Noticed a fire elemental
  1770 | D:3      | Noticed a water elemental
  1826 | D:3      | Noticed Sigmund
  1827 | D:3      | Reached XP level 4. HP: 28/30 MP: 1/8
  1864 | D:3      | Prayed at the altar of an unknown god.
  1864 | D:3      | Became a worshipper of Kikubaaqudgha
  1864 | D:3      | Reached * piety under Kikubaaqudgha
  1864 | D:3      | Received a gift from Kikubaaqudgha
  2240 | D:2      | Slain by a ball python

Illustrated notes

Levels and vault maps discovered:
D:1:      onia_arrival_mini_maze, layout_basic, minmay_tromino_mix6
D:2:      minmay_spotlight, layout_rooms
D:3:      layout_basic, nicolae_qazlal_style_of_elements,
          nicolae_wu_jian_immortal_techniques, chequers_ecumenical_altar_simple,
          chequers_avenue, uniq_sigmund

Skill      XL: |  1  2  3 |
---------------+----------+-----
Fighting       | 2 |  2.9
Spellcasting   | 3 |  3.0
Dodging        | |  2.0
Stealth        | |  2.6
Conjurations   | |  1.0
Fire Magic     | |  3.0

Action                   |  1- 3 |  4- 6 || total
-------------------------+-------+-------++-------
Melee: Unarmed           |     3 |       ||     3
       Tentacles         |     4 |     3 ||     7
       Constrict         |     2 |     7 ||     9
       Dagger            |     2 |    18 ||    20
       Punch             |       |     1 ||     1
 Cast: Foxfire           |    68 |     1 ||    69
       Scorch            |     8 |     3 ||    11
  Use: Scroll            |     2 |     2 ||     4
       Potion            |       |     2 ||     2
 Stab: Sleeping          |       |     1 ||     1
Armor: Skin              |     1 |       ||     1
Dodge: Dodged            |     2 |    15 ||    17
